 Dungeon Sprint DCSS version 0.21.2 (webtiles) character file.

9654 Fang the Warrior (level 11, -1/83 HPs)
             Began as a Gargoyle Berserker on Dec 21, 2018.
             Was the Champion of Trog.
             Slain by a sea snake (10 damage)
             ... in the Dungeon (Sprint VII: "The Pits").
             The game lasted 00:04:13 (2035 turns).

Fang the Warrior (Gargoyle Berserker)               Turns: 2035, Time: 00:04:14

Health: -1/83      AC: 24    Str: 25    XL:     11   Next: 49%
Magic:  11/11      EV: 16    Int:  7    God:    Trog [******]
Gold:   0          SH:  0    Dex: 12    Spells: 10/10 levels left

rFire    . . .     SeeInvis .   t - +2 war axe (chop)
rCold    . . .     Gourm    .   (no shield)
rNeg     + . .     Faith    .   v - +5 ring mail
rPois    ∞         Spirit   .   u - +0 helmet
rElec    +         Reflect  .   (no cloak)
rCorr    .         Harm     .   (no gloves)
MR       .....     NoTele   +   (no boots)
Stlth    +.........             (no amulet)
HPRegen  0.23/turn              q - +3 ring of protection
MPRegen  0.12/turn              r - +3 ring of dexterity

@: berserk cooldown, slowed, very slow
A: negative energy resistance 1, electricity resistance, unbreathing,
petrification resistance, rot immunity, AC +8
a: Berserk, Trog's Hand, Brothers in Arms, Burn Spellbooks, Renounce Religion


You were in the Dungeon.
You worshipped Trog.
Trog was exalted by your worship.
You were near starving.

You visited 1 branch

Inventory:

Hand Weapons
 j - a +2 hand axe
 m - a +1 antimagic broad axe
 n - a +1 hand axe of freezing
 t - a +2 war axe of chopping (weapon)
Armour
 u - a +0 helmet (worn)
 v - a +5 ring mail (worn)
Jewellery
 q - a +3 ring of protection (left hand)
 r - a +3 ring of dexterity (right hand)
Wands
 p - a wand of random effects (23)
Scrolls
 i - a scroll of blinking
 k - 3 scrolls of remove curse
 l - a scroll of summoning
Potions
 a - 2 potions of invisibility
 d - 7 potions of curing
 e - 5 potions of heal wounds
 f - 3 potions of haste
 g - 5 potions of magic
 h - 5 potions of berserk rage
 s - 2 potions of agility
Comestibles
 c - 9 rations


   Skills:
 + Level 16.3 Fighting
 + Level 16.1 Axes
 + Level 10.6 Armour
 + Level 9.8 Dodging
 + Level 2.4 Stealth


You had 10 spell levels left.
You didn't know any spells.

Dungeon Overview and Level Annotations

Branches:
Dungeon (1/1)

Altars:


Innate Abilities, Weirdness & Mutations

You are resistant to torment.
Your stone body is resilient. (AC +8)
You are immune to poison.
You resist negative energy. (rN+)
You are resistant to electric shocks. (rElec)
You can survive without breathing.
You are immune to petrification.
You are immune to rotting.


Message History

The gnoll is almost dead.
The gnoll misses you.
You slash the gnoll!
You kill the gnoll!
Trog accepts your kill.
Unknown command.
The barbed spikes dig painfully into your body as you move.
* * * LOW HITPOINT WARNING * * *
The barbed spikes snap loose.
A rat comes into view.
Things that are here:
a spear; a lindwurm corpse You butcher the lindwurm corpse.
Things that are here:
a spear; 6 chunks of flesh; a lindwurm skeleton Unknown command.
Your cyclops goes berserk!
You are near starving!
The sea snake bites you!
You die...

####### ##########
#### ..'...###........
##....
..'.....##......
#....#
..##.....##....##..#r#
...###....#....#.....#
.....###.###..##.#.#.#
..#...#....#).#).....#
......'....†).))@C...+
..#...#....#).#.†S...#
.....###.###..##.#.#.#
...###....#....#.....#
.)##.....##....##..#.#
.)'.....##......
#....#
).'...###........
##.... #######
########## ####


You could see a sea snake, a rat and a friendly cyclops (berserk).

Vanquished Creatures
  A death yak (D)
  An unseen horror (D)
  A flayed ghost (D)
  A deep troll (D)
  2 lindwurms (D)
  A deep elf mage (D)
  3 manticores (D)
  An eye of devastation (D)
  An efreet (D)
  A komodo dragon (D)
  2 demonic crawlers (D)
  2 polar bears (D)
  2 redbacks (D)
  2 tarantellas (D)
  2 spriggans (D)
  A wyvern (D)
  4 yaks (D)
  Grum (D)
  2 hungry ghosts (D)
  A warg (D)
  An acid dragon (D)
  A floating eye (D)
  Purgy (D)
  A porcupine (D)
  An orc warrior (D)
  A black bear (D)
  A centaur (D)
  2 wolves (D)
  2 crocodiles (D)
  A wight (D)
  A gnoll shaman (D)
  2 iguanas (D)
  2 orc wizards (D)
  Ijyb (D)
  A worker ant (D)
  A mummy (D)
  6 gnolls (D)
  An adder (D)
  An ufetubus (D)
  3 orcs (D)
  3 goblins (D)
  A hobgoblin (D)
  2 jackals (D)
  A kobold (D)
  2 ball pythons (D)
72 creatures vanquished.

Vanquished Creatures (collateral kills)
  2 yaks (D)
2 creatures vanquished.

Vanquished Creatures (others)
  A gnoll (D)
  An adder (D)
2 creatures vanquished.

Grand Total: 76 creatures vanquished

Notes
Turn   | Place    | Note
-------+----------+-------------------------------------------
     0 | D        | Fang the Gargoyle Berserker began the quest for the Orb.
     0 | D        | Reached XP level 1. HP: 14/14 MP: 1/1
   124 | D        | Reached XP level 2. HP: 20/20 MP: 2/2
   128 | D        | Reached ** piety under Trog
   139 | D        | Reached skill level 5 in Fighting
   139 | D        | Reached XP level 3. HP: 10/26 MP: 3/3
   342 | D        | Noticed a floating eye
   343 | D        | Noticed a hungry ghost
   346 | D        | Killed a floating eye
   346 | D        | Reached *** piety under Trog
   346 | D        | Reached XP level 4. HP: 34/34 MP: 4/4
   346 | D        | Reached XP level 5. HP: 38/38 MP: 5/5
   367 | D        | Killed a hungry ghost
   367 | D        | Reached XP level 6. HP: 41/46 MP: 6/6
   459 | D        | Noticed a black bear
   459 | D        | Noticed Ijyb
   464 | D        | Reached **** piety under Trog
   469 | D        | Killed a black bear
   469 | D        | Reached skill level 5 in Armour
   469 | D        | Killed Ijyb
   469 | D        | Reached skill level 10 in Fighting
   618 | D        | Noticed a deep elf mage
   626 | D        | Killed a deep elf mage
   626 | D        | Reached ***** piety under Trog
   626 | D        | Reached skill level 10 in Axes
   626 | D        | Reached skill level 5 in Dodging
   626 | D        | Reached XP level 7. HP: 25/55 MP: 7/7
   626 | D        | Reached XP level 8. HP: 27/60 MP: 8/8
   837 | D        | Noticed a tarantella
   842 | D        | Killed a tarantella
   847 | D        | Received a gift from Trog
  1015 | D        | Noticed a wyvern
  1020 | D        | Killed a wyvern
  1028 | D        | Killed an unseen horror
  1028 | D        | Reached XP level 9. HP: 61/68 MP: 9/9
  1068 | D        | Noticed a komodo dragon
  1068 | D        | Noticed a polar bear
  1070 | D        | Reached ****** piety under Trog
  1076 | D        | Received a gift from Trog
  1078 | D        | Killed a komodo dragon
  1078 | D        | Received a gift from Trog
  1094 | D        | Killed a polar bear
  1103 | D        | Received a gift from Trog
  1287 | D        | Noticed a polar bear
  1287 | D        | Noticed a demonic crawler
  1296 | D        | Killed a polar bear
  1297 | D        | Killed a demonic crawler
  1297 | D        | Reached XP level 10. HP: 59/75 MP: 10/10
  1424 | D        | Noticed an eye of devastation
  1426 | D        | Noticed a death yak
  1429 | D        | Noticed Grum
  1431 | D        | Noticed a deep troll
  1432 | D        | Noticed a lindwurm
  1445 | D        | Killed a lindwurm
  1445 | D        | Received a gift from Trog
  1445 | D        | Killed a deep troll
  1447 | D        | Killed a death yak
  1448 | D        | Reached skill level 1 in Stealth
  1454 | D        | Killed an eye of devastation
  1454 | D        | Reached skill level 15 in Fighting
  1459 | D        | Killed Grum
  1468 | D        | Received a gift from Trog
  1471 | D        | HP: 3/76 [yak (8)]
  1481 | D        | Reached skill level 15 in Axes
  1481 | D        | Reached XP level 11. HP: 21/82 MP: 11/11
  1988 | D        | Noticed a manticore
  1988 | D        | Noticed a manticore
  1990 | D        | Noticed a lindwurm
  1991 | D        | Received a gift from Trog
  1994 | D        | Noticed a flayed ghost
  1995 | D        | Killed a manticore
  2004 | D        | Noticed Purgy
  2005 | D        | Killed a manticore
  2005 | D        | Reached skill level 10 in Armour
  2006 | D        | Noticed a manticore
  2016 | D        | Killed Purgy
  2018 | D        | Received a gift from Trog
  2018 | D        | Killed a flayed ghost
  2018 | D        | Received a gift from Trog
  2020 | D        | Killed a lindwurm
  2026 | D        | Killed a manticore
  2029 | D        | Noticed a sea snake
  2035 | D        | Slain by a sea snake

Skill      XL: |  1  2  3  4  5  6  7  8  9 10 11 |
---------------+----------------------------------+-----
Fighting       | 4 5 7 9 11 13 14 15 16 | 16.3
Axes           | 3 4 6 7 10 11 13 15 16 | 16.1
Armour         | 3 4 5 7 8 9 10 | 10.6
Dodging        | 2 3 4 5 6 7 9 |  9.8
Stealth        | 1 2 |  2.4

Action                   |  1- 3 |  4- 6 |  7- 9 | 10-12 || total
-------------------------+-------+-------+-------+-------++-------
Melee: Hand axe          |    22 |    42 |    30 |       ||    94
       War axe           |       |       |    44 |    81 ||   125
Invok: Berserk           |       |     1 |     3 |     2 ||     6
       Brothers in Arms  |       |       |       |     2 ||     2
  Use: Potion            |       |       |       |     1 ||     1
  Eat: Chunk             |       |     5 |     6 |     3 ||    14
Armor: Animal skin       |     7 |     7 |       |       ||    14
       Chain mail        |       |     9 |    15 |       ||    24
       Ring mail         |       |       |    65 |    59 ||   124
Dodge: Dodged            |    26 |    19 |    88 |    96 ||   229
